 Dungeon Crawl Stone Soup version 0.26-a0-602-gd42a14c23b (webtiles) character file.

Game seed: 7309819777001219657

98 Hores the Digger (level 4, 0/24 HPs)
             Began as a Gargoyle Earth Elementalist on Aug 31, 2020.
             Slain by an orc
             ... wielding a +0 club
              (3 damage)
             ... on level 3 of the Dungeon.
             The game lasted 00:04:21 (2006 turns).

Hores the Digger (Gargoyle Earth Elementalist)      Turns: 2006, Time: 00:04:21

Health: 0/24       AC:  5    Str: 12    XL:     4   Next: 69%
Magic:  8/9        EV: 12    Int: 16    God:
Gold:   81         SH:  0    Dex: 10    Spells: 8/9 levels left

rFire    . . .     SeeInvis .   a - +0 mace
rCold    . . .     Faith    .   (no shield)
rNeg     + . .     Spirit   .   c - +0 robe
rPois    ∞         Reflect  .   (no helmet)
rElec    +         Harm     .   (no cloak)
rCorr    .                      (no gloves)
MR       .....                  (no boots)
Stlth    ++........             (no amulet)
HPRegen  0.08/turn              (no ring)
MPRegen  0.11/turn              (no ring)

@: very slightly contaminated, invisible
A: negative energy resistance 1, electricity resistance, unbreathing,
petrification resistance, rot immunity, AC +3
a: no special abilities


You were on level 3 of the Dungeon.
You visited 1 branch of the dungeon, and saw 3 of its levels.

You collected 81 gold pieces.

Inventory:

Hand Weapons
 a - a +0 mace (weapon)
Missiles
 b - 131 stones (quivered)
Armour
 c - a +0 robe (worn)
Wands
 h - a wand of polymorph (7)
Scrolls
 d - 3 scrolls of identify {unknown}
 e - 2 scrolls of fear {unknown}
 i - a scroll of immolation {unknown}
 k - a scroll of teleportation {unknown}
 l - a scroll of fog {unknown}
Potions
 j - a potion of heal wounds {unknown}


   Skills:
 - Level 1.5 Dodging
 - Level 2.1 Stealth
 + Level 3.3 Spellcasting
   Level 0.7 Transmutations
 + Level 5.2 Earth Magic


You had 8 spell levels left.
You knew the following spells:

 Your Spells              Type           Power        Failure   Level
a - Sandblast             Erth           ###...       2%          1

Your spell library contained the following spells:

 Spells                   Type           Power        Failure   Level
 Passwall                 Tmut/Erth      ##......     9%          2
 Stone Arrow              Conj/Erth      ##....       19%         3
 Petrify                  Tmut/Erth      ##......     47%         4
 Lee's Rapid Deconstruct  Erth           ###.......   52%         5


Dungeon Overview and Level Annotations

Branches:
Dungeon (3/15)

Altars:
Yredelemnul


Innate Abilities, Weirdness & Mutations

You are resistant to torment.
Your stone body is resilient. (AC +3)
You are immune to poison.
You resist negative energy. (rN+)
You are resistant to electric shocks. (rElec)
You can survive without breathing.
You are immune to petrification.
You are immune to rotting.


Message History

The orc closely misses you.
It was a potion of magic.
Magic courses through your body. The orc misses you.
Casting: Sandblast (safe; 2% risk of failure)
Confirm with . or Enter, or press ? or * to list all spells.
Aiming: Sandblast (safe; 2% risk of failure)
Press: ? - help, Shift-Dir - straight line, f/p - orc
Aim: an orc, wielding a +0 club, wearing a +0 chain mail and quivering 4 boomerangs (heavily wounded)
The blast of sand hits the orc but does no damage.
The orc is heavily wounded.
b - 132 stones
Casting: Sandblast (safe; 2% risk of failure)
Confirm with . or Enter, or press ? or * to list all spells.
Aiming: Sandblast (safe; 2% risk of failure)
Press: ? - help, Shift-Dir - straight line, f/p - orc
Aim: an orc, wielding a +0 club, wearing a +0 chain mail and quivering 4 boomerangs (heavily wounded)
The blast of sand hits the orc but does no damage.
The orc is heavily wounded.
b - 131 stones The orc hits you with a +0 club.
You die...

. .# .>## ###....##
##...# .#####
##..#####..(...
..#####@$#........#
#......o##..<.....#
#.##....##........#
#.##.))........#
.$. ####........#
..## #........# .
#........#
#........#
#.........


You could see an orc.

Vanquished Creatures
  4 adders (D:2)
  2 worms (D:2)
  A leopard gecko (D:1)
  2 orcs (D:3)
  2 giant cockroaches
  6 goblins
  5 hobgoblins
  4 jackals (D:1)
  A quokka (D:2)
  A ball python (D:1)
  7 bats
  3 frilled lizards
  8 kobolds
  8 rats
54 creatures vanquished.

Vanquished Creatures (others)
  A withered plant (D:2)
1 creature vanquished.

Grand Total: 55 creatures vanquished

Notes
Turn   | Place    | Note
-------+----------+-------------------------------------------
     0 | D:1      | Hores the Gargoyle Earth Elementalist began the quest for
                  | the Orb.
     0 | D:1      | Reached XP level 1. HP: 10/10 MP: 3/3
    63 | D:1      | Reached XP level 2. HP: 8/15 MP: 0/5
   138 | D:1      | Reached skill level 4 in Earth Magic
   839 | D:1      | Reached XP level 3. HP: 19/19 MP: 6/6
  1165 | D:2      | Found a basalt altar of Yredelemnul.
  1232 | D:2      | Reached XP level 4. HP: 17/24 MP: 8/8
  1435 | D:2      | Reached skill level 5 in Earth Magic
  2006 | D:3      | Slain by an orc

Illustrated notes

Levels and vault maps discovered:
D:1:      minmay_arrival_checkered_box, layout_rooms, minmay_cut_off
D:2:      layout_basic, yredelemnul_altar_generic, glass_columns_a,
          supply_closet_lemuel
D:3:      layout_rooms, old_standard_altar, chequers_temple_overflow_minitemple

Skill      XL: |  1  2  3  4 |
---------------+-------------+-----
Earth Magic    | 4 5 |  5.2
Spellcasting   | 3 |  3.3
Dodging        | |  1.5
Stealth        | |  2.1
Transmutations | |  0.7

Action                   |  1- 3 |  4- 6 || total
-------------------------+-------+-------++-------
Melee: Mace              |   101 |    49 ||   150
 Cast: Sandblast         |    11 |    22 ||    33
  Use: Potion            |       |     2 ||     2
 Stab: Sleeping          |     2 |     2 ||     4
Armor: Robe              |    41 |    22 ||    63
Dodge: Dodged            |   102 |    53 ||   155

Table legend: (Time is in decaauts)
 A = Elapsed time spent in this place.
 B = Non-inter-level travel time spent in this place.
 C = Inter-level travel time spent in this place.
 D = Time resting spent in this place.
 E = Time spent auto-exploring this place.
 F = Levels seen in this place.
 G = Mean time per level.
                   A        B        C        D        E       F      G
               +--------+--------+--------+--------+--------+-----+--------+
         Total |   2065 |   2053 |     12 |    295 |   1315 |   3 |  688.3 |
       Dungeon |   2065 |   2053 |     12 |    295 |   1315 |   3 |  688.3 |
               +--------+--------+--------+--------+--------+-----+--------+

Top non-repeatable levels by time:
     D:1: 1049 daAuts
     D:2: 965 daAuts
     D:3: 49 daAuts
